 Dungeon Crawl Stone Soup version 0.21.1-1-g345015f (webtiles) character file.

7107 Goblin1989 the Cleaver (level 10, -20/77 HPs)
             Began as a Demonspawn Monk on Feb 13, 2018.
             Was the Champion of Cheibriados.
             Killed from afar by a black draconian knight (46 damage)
             ... with a shard of ice
             ... on level 1 of the Abyss on Feb 14, 2018.
             The game lasted 00:32:18 (11877 turns).

Goblin1989 the Cleaver (Demonspawn Monk)           Turns: 11877, Time: 00:32:19

Health: -20/77     AC: 18    Str: 36    XL:     10   Next: 84%
Magic:  13/13      EV: 13    Int: 26    God:    Cheibriados [******]
Gold:   346        SH: 19    Dex: 32    Spells: 12/13 levels left

rFire    . . .     SeeInvis .   L - +4 war axe
rCold    + . .     Gourm    +   Y - +0 large shield "Ogoihaq" {*Corrode rN+ Str+7}
rNeg     + + .     Faith    .   V - +0 scale mail
rPois    .         Spirit   .   (helmet restricted)
rElec    .         Reflect  .   F - +0 cloak
rCorr    .         Harm     .   l - +0 pair of gloves
MR       .....                  (no boots)
Stlth    ++........             X - amulet of the gourmand
HPRegen  0.22/turn              M - ring of positive energy
MPRegen  0.13/turn              c - ring of protection from cold

@: sanguine armour, very slow
A: horns 1, powered by pain 3, spiny 1, sanguine armour 2
a: Bend Time, Temporal Distortion, Slouch, Step From Time, Renounce Religion


You were on level 1 of the Abyss.
You worshipped Cheibriados.
Cheibriados was exalted by your worship.
You were very full.

You visited 1 branch of the dungeon, and saw 10 of its levels.
You visited the Abyss 1 time.
You also visited: Sewer.

You collected 583 gold pieces.
You spent 237 gold pieces at shops.

Inventory:

Hand Weapons
 L - a +4 war axe (weapon)
Missiles
 O - 6 javelins (quivered)
 Z - a throwing net {!d}
Armour
 l - a +0 pair of gloves (worn)
 F - a +0 cloak (worn)
 G - a +0 shield
 K - a +0 ring mail
 U - the +3 leather armour of Logruce {*Slow +Blink rElec Stlth+}
   (You found it on level 7 of the Dungeon)

   It insulates you from electricity.
   It lets you blink.
   It may slow you when you take damage.
   It makes you more stealthy.
 V - a +0 scale mail (worn)
 Y - the +0 large shield "Ogoihaq" (worn) {*Corrode rN+ Str+7}
   (You bought it in a shop on level 5 of the Dungeon)

   It affects your strength (+7).
   It protects you from negative energy.
   It may corrode you when you take damage.
Jewellery
 c - a ring of protection from cold (right hand)
 w - a +2 ring of dexterity
 M - a ring of positive energy (left hand)
 W - an uncursed amulet of guardian spirit {unknown}
 X - an amulet of the gourmand (around neck)
Wands
 r - a wand of scattershot (5)
 J - a wand of flame (64)
 P - a wand of paralysis (14)
Scrolls
 j - a scroll of enchant weapon {unknown}
 k - 5 scrolls of magic mapping {unknown}
 p - a scroll of immolation {unknown}
 s - 2 scrolls of amnesia {unknown}
 z - 2 scrolls of fear {unknown}
 B - 2 scrolls of blinking {unknown}
 C - 2 scrolls of fog {unknown}
 D - 6 scrolls of remove curse {@r2}
 I - a scroll of acquirement {unknown}
 Q - a scroll of enchant armour {unknown}
 R - 8 scrolls of identify {@r1}
 T - 4 scrolls of teleportation {!r, @r3}
Potions
 n - 3 potions of flight
 q - 9 potions of might
 u - 9 potions of curing {@q1}
 v - 3 potions of cancellation
 x - 2 potions of magic
 y - 2 potions of brilliance
 H - 2 potions of heal wounds {@q2, !q}
 S - 4 potions of mutation {!q}
Books
 E - a book of Flames

   Spells                             Type                      Level
   a - Flame Tongue                   Conjuration/Fire             1
   b - Throw Flame                    Conjuration/Fire             2
   c - Conjure Flame                  Conjuration/Fire             3
   d - Inner Flame                    Hexes/Fire                   3
   e - Sticky Flame                   Conjuration/Fire             4
   f - Fireball                       Conjuration/Fire             5
 N - a book of Cantrips

   Spells                             Type                      Level
   a - Confusing Touch                Hexes                        1
   b - Animate Skeleton               Necromancy                   1
   c - Summon Small Mammal            Summoning                    1
   d - Apportation                    Translocation                1
Comestibles
 e - 18 rations


   Skills:
 + Level 6.4 Fighting
 * Level 10.0 Axes
 + Level 4.4 Armour
 + Level 5.8 Dodging
 - Level 1.7 Stealth
 + Level 5.0 Shields
 + Level 2.0 Spellcasting
 * Level 3.2 Translocations
 + Level 5.0 Invocations
 + Level 3.2 Evocations


You had 12 spell levels left.
You knew the following spells:

 Your Spells              Type           Power        Failure   Level  Hunger
o - Apportation           Tloc           ###...       54%         1    None


Dungeon Overview and Level Annotations

Branches:
Dungeon (10/15)            Temple (0/1) D:6            Lair (0/6) D:9
    Orc: D:9-12

Altars:
Cheibriados
Elyvilon
Fedhas
Trog
Uskayaw
Vehumet
Xom
Yredelemnul
The Shining One

Shops:
D:5 [   D:7 (

Annotations:
D:5 1 exclusion


Innate Abilities, Weirdness & Mutations

You have a pair of small horns on your head.
You are powered by pain.
You are partially covered in sharp spines.
When seriously injured, your bleeding wounds create thick armour. (AC +9)


Message History

You hit the worldbinder but do no damage.
You headbutt the worldbinder, but do no damage.
The worldbinder is moderately damaged.
You hit the hellwing.
You are covered in liquid flames!
You block the hellwing's attack. x2; The worldbinder barely misses you.
The worldbinder closely misses you. The hellwing misses you.
The hellwing hits you.
You take 6 damage, and have 37/76 hp.
You slash the worldbinder! You headbutt the worldbinder!
The worldbinder is almost destroyed.
You hit the hellwing.
The worldbinder calls forth creatures from the Shoals!
You block the worldbinder's attack. x2; The hellwing is struck by your spines.
The hellwing closely misses you.
The hellwing hits you but does no damage.
You hit the worldbinder but do no damage.
You headbutt the worldbinder, but do no damage.
The worldbinder is almost destroyed.
You hit the merfolk siren. You closely miss the hellwing.
You block the worldbinder's attack. The worldbinder barely misses you.
The hellwing hits you but does no damage. x2
You block the merfolk siren's attack.
The merfolk siren chants a haunting song.
You are mesmerised by the merfolk siren!
You block the worldbinder's attack. x2
You hit the worldbinder.
You destroy the worldbinder!
Cheibriados appreciates the change of pace.
You are no longer entranced.
The merfolk siren disappears in a puff of smoke! x2
Your Shields skill increases to level 5!
Your Translocations skill increases to level 3!
You slash the hellwing! You block the hellwing's attack. The hellwing hits you!
* * * LOW HITPOINT WARNING * * *
You take 7 damage, and have 31/77 hp.
Unknown command.
You hit the hellwing but do no damage.
You headbutt the hellwing, but do no damage.
The hellwing is heavily wounded.
You block the hellwing's attack.
The hellwing hits you but does no damage.
You hit the hellwing but do no damage. You headbutt the hellwing!
The hellwing is heavily wounded.
You block the hellwing's attack. The hellwing misses you.
A small abomination comes into view.
Unknown command.
You hit the hellwing.
The hellwing is severely wounded.
You slice the small abomination!! The small abomination misses you.
The hellwing hits you but does no damage.
You block the hellwing's attack.
You block the small abomination's attack.
A black draconian knight comes into view.
It is wielding a glaive.
You hit the hellwing.
The hellwing is severely wounded.
You hit the small abomination but do no damage.
You block the hellwing's attack. The hellwing completely misses you.
You block the small abomination's attack.
The hellwing hits you but does no damage.
The hellwing hits you.
* * * LOW HITPOINT WARNING * * *
You take 2 damage, and have 30/77 hp.
You closely miss the hellwing. You headbutt the hellwing!
The hellwing is almost dead.
You hit the small abomination but do no damage.
The small abomination is struck by your spines.
The small abomination closely misses you.
You block the small abomination's attack.
You block the hellwing's attack. The hellwing closely misses you.
You slash the hellwing!
You kill the hellwing!
Cheibriados thoroughly appreciates the change of pace.
Your Spellcasting skill increases to level 2!
You hit the small abomination but do no damage.
The small abomination hits you.
* * * LOW HITPOINT WARNING * * *
You take 6 damage, and have 25/77 hp.
You hit the small abomination.
Your headbutt misses the small abomination.
The small abomination is almost destroyed.
You block the small abomination's attack.
The black draconian knight casts a spell at you.
You block the shard of ice.
You block the small abomination's attack.
The black draconian knight points at you and mumbles some strange words.
The shard of ice misses you.
Unknown command.
You slice the small abomination!!
You destroy the small abomination!
Cheibriados appreciates the change of pace.
Your Axes skill increases to level 10!
Your Invocations skill increases to level 5!
The substance of the Abyss twists violently, and a gateway leading out appears!
Unknown command.
Unknown command.
The black draconian knight points at you and mumbles some strange words.
The shard of ice hits you! You partially resist.
Ouch! That really hurt!
You die...

.█.██.... . █
.██ █ . █....█
███ █ █. █...██
█ . █ . . .. ..
█. .██ █ █ ...
█..█.
███..█..█. █
...██...█......
█......██.§.█
..███ █@.██
..█.
██..§..q..█
█.██
........█..█ █
█..███...█ ...
██ ..█.. █.
█.█..█ ..██..
.██ ...


You could see a black draconian knight.

Vanquished Creatures
  The ghost of aspa the Thaumaturge, a novice OpWz of Sif Muna (D:9)
  A worldbinder (Abyss:1)
  A smoke demon (Abyss:1)
  A hellwing (Abyss:1)
  Grinder (D:6)
  Prince Ribbit (D:7)
  3 hippogriffs
  A steam dragon (D:7)
  A chaos spawn (Abyss:1)
  3 orc warriors
  An ice beast (D:7)
  A sky beast (D:4)
  A necrophage (D:8)
  5 ogres
  A crocodile (D:9)
  2 centaurs
  A big kobold (D:6)
  The ghost of pk666 the Magician, an amateur DEWz (D:3)
  Blork the orc (D:6)
  3 bullfrogs
  A scorpion (D:4)
  12 wights
  A centaur zombie (D:5)
  2 crimson imps
  7 starcursed masses (Abyss:1)
  3 quasits (Abyss:1)
  2 jellies
  2 small abominations (Abyss:1)
  6 hounds
  4 orc priests
  A centaur skeleton (D:5)
  A gnoll shaman (D:6)
  5 iguanas
  5 orc wizards
  7 worker ants
  A worker ant zombie (D:9)
  5 gnolls
  23 adders
  A howler monkey skeleton (D:7)
  3 river rats (D:3)
  3 shadow imps
  An ooze (D:4)
  An adder zombie (D:5)
  4 adder skeletons
  6 worms
  2 dart slugs (D:1)
  4 leopard geckos
  31 orcs
  3 ball pythons (Sewer)
  8 giant cockroaches
  6 goblins
  5 hobgoblins
  21 jackals
  30 kobolds
  A quokka (D:3)
  11 bats
  14 frilled lizards
  2 jackal zombies (D:5)
  3 quokka skeletons
  7 rats
  A plant (D:6)
287 creatures vanquished.

Notes
Turn   | Place    | Note
-------+----------+-------------------------------------------
     0 | D:1      | Goblin1989 the Demonspawn Monk began the quest for the Orb.
     0 | D:1      | Reached XP level 1. HP: 18/18 MP: 1/1
    48 | D:1      | Reached skill level 3 in Axes
   301 | D:1      | Gained mutation: You are partially covered in sharp spines. [demonic ancestry]
   301 | D:1      | Reached XP level 2. HP: 23/24 MP: 2/2
  1027 | D:1      | Gained mutation: You sometimes gain a little power by taking damage. [demonic ancestry]
  1027 | D:1      | Reached XP level 3. HP: 28/29 MP: 3/3
  1036 | D:1      | Reached skill level 4 in Axes
  1547 | D:2      | Gained mutation: When seriously injured, your bleeding wounds create armour. (AC +9) [demonic ancestry]
  1547 | D:2      | Reached XP level 4. HP: 29/35 MP: 4/4
  1937 | D:2      | Found a radiant altar of Vehumet.
  2197 | D:3      | Reached skill level 5 in Axes
  2296 | D:3      | Gained mutation: You sometimes gain power by taking damage. [demonic ancestry]
  2296 | D:3      | Reached XP level 5. HP: 29/41 MP: 5/5
  2361 | D:3      | Found a glowing drain.
  2489 | Sewer    | Entered a sewer
  2875 | Sewer    | Reached skill level 6 in Axes
  3392 | D:3      | Found a faded altar of an unknown god.
  3400 | D:3      | Noticed pk666's ghost (amateur DEWz)
  3414 | D:3      | Killed pk666's ghost
  3414 | D:3      | Gained mutation: You have a pair of small horns on your head. [demonic ancestry]
  3414 | D:3      | Reached XP level 6. HP: 45/47 MP: 6/6
  3698 | D:3      | Found a bloodstained altar of Trog.
  3701 | D:3      | Found a shimmering altar of Xom.
  3701 | D:3      | Found a white marble altar of Elyvilon.
  3702 | D:3      | Found a snail-covered altar of Cheibriados.
  4896 | D:4      | Reached skill level 1 in Shields
  4897 | D:4      | Reached XP level 7. HP: 15/52 MP: 7/7
  5182 | D:3      | Became a worshipper of Cheibriados the Contemplative
  5182 | D:3      | Reached * piety under Cheibriados
  5182 | D:3      | Reached ** piety under Cheibriados
  5320 | D:4      | Reached skill level 7 in Axes
  5517 | D:4      | Noticed a hand axe
  5517 | D:4      | Noticed a dagger
  5555 | D:4      | Found a hide-covered altar of Uskayaw.
  5821 | D:5      | Entered Level 5 of the Dungeon
  5824 | D:5      | Noticed a moth of wrath
  5827 | D:5      | Found a bloodstained altar of Trog.
  6492 | D:5      | Gained mutation: You are powered by pain. [demonic ancestry]
  6492 | D:5      | Reached XP level 8. HP: 55/60 MP: 8/8
  6574 | D:5      | Found Figg's Antique Armour Emporium.
  6577 | D:5      | Bought a faintly glowing large shield for 237 gold pieces
  6587 | D:5      | Identified the cursed +0 large shield "Ogoihaq" {*Corrode rN+ Str+7} (You bought it in a shop on level 5 of the Dungeon)
  6664 | D:5      | Reached skill level 1 in Armour
  6880 | D:6      | Reached *** piety under Cheibriados
  6980 | D:6      | Reached skill level 8 in Axes
  7116 | D:6      | Found a staircase to the Ecumenical Temple.
  7148 | D:6      | Noticed Grinder
  7151 | D:6      | Paralysed by Grinder for 4 turns
  7156 | D:6      | Killed Grinder
  7318 | D:6      | Noticed Blork the orc
  7338 | D:6      | Reached **** piety under Cheibriados
  7350 | D:6      | Killed Blork the orc
  7761 | D:6      | Reached skill level 5 in Fighting
  7904 | D:7      | Noticed a hippogriff
  7913 | D:7      | Killed a hippogriff
  7913 | D:7      | Reached XP level 9. HP: 57/68 MP: 9/9
  7978 | D:7      | Reached skill level 1 in Invocations
  8200 | D:7      | Reached skill level 9 in Axes
  8249 | D:7      | Reached ***** piety under Cheibriados
  8419 | D:7      | Found a basalt altar of Yredelemnul.
  8431 | D:7      | Found a glowing golden altar of the Shining One.
  8456 | D:7      | Reached skill level 1 in Evocations
  8564 | D:7      | Reached skill level 5 in Dodging
  9239 | D:7      | Found Xipahiul's Weapon Shop.
  9264 | D:7      | Got a pitted leather armour
  9275 | D:7      | Identified the +3 leather armour of Logruce {*Slow +Blink rElec Stlth+} (You found it on level 7 of the Dungeon)
  9356 | D:7      | Noticed Prince Ribbit
  9366 | D:7      | Killed Prince Ribbit
  9518 | D:7      | Noticed an angel
  9630 | D:8      | Learned a level 1 spell: Apportation
 10168 | D:9      | Noticed aspa's ghost (novice OpWz)
 10179 | D:9      | Killed aspa's ghost
 10179 | D:9      | Reached skill level 1 in Translocations
 10179 | D:9      | Gained mutation: When seriously injured, your bleeding wounds create thick armour. (AC +9) [demonic ancestry]
 10179 | D:9      | Reached XP level 10. HP: 76/76 MP: 12/12
 10236 | D:9      | Found a blossoming altar of Fedhas.
 10747 | D:9      | Found a staircase to the Lair.
 10921 | D:10     | Entered Level 10 of the Dungeon
 10979 | D:10     | Reached skill level 1 in Spellcasting
 11300 | D:10     | Found Weupsas's Antique Weapon Emporium.
 11408 | D:10     | Cast into level 1 of the Abyss (orc)
 11408 | Abyss:1  | Found a corrupted altar of Lugonu.
 11452 | Abyss:1  | Noticed a starcursed mass
 11479 | Abyss:1  | Killed a starcursed mass
 11486 | Abyss:1  | Killed a starcursed mass
 11492 | Abyss:1  | Reached ****** piety under Cheibriados
 11542 | Abyss:1  | Noticed a daeva
 11545 | Abyss:1  | Noticed a smoke demon
 11855 | Abyss:1  | Noticed a smoke demon
 11860 | Abyss:1  | Noticed a worldbinder
 11864 | Abyss:1  | Noticed a manticore
 11864 | Abyss:1  | Killed a smoke demon
 11867 | Abyss:1  | Noticed a merfolk siren
 11867 | Abyss:1  | Noticed a merfolk siren
 11868 | Abyss:1  | Killed a worldbinder
 11868 | Abyss:1  | Reached skill level 5 in Shields
 11872 | Abyss:1  | Noticed a black draconian knight
 11876 | Abyss:1  | Reached skill level 10 in Axes
 11876 | Abyss:1  | Reached skill level 5 in Invocations
 11877 | Abyss:1  | Killed from afar by a black draconian knight

Skill      XL: |  1  2  3  4  5  6  7  8  9 10 |
---------------+-------------------------------+-----
Axes           | 3 4 5 6 7 8 9 10 | 10.0
Dodging        | 3 4 5 |  5.8
Shields        | 1 2 3 4 5 |  5.0
Fighting       | 4 5 6 |  6.4
Armour         | 2 3 4 |  4.4
Invocations    | 3 5 |  5.0
Evocations     | 2 3 |  3.2
Translocations | 1 3 |  3.2
Spellcasting   | 2 |  2.0
Stealth        | |  1.7

Action                   |  1- 3 |  4- 6 |  7- 9 | 10-12 || total
-------------------------+-------+-------+-------+-------++-------
Melee: Hand axe          |    89 |   224 |    43 |       ||   356
       Headbutt          |       |    21 |   104 |    35 ||   160
       War axe           |       |       |   242 |   105 ||   347
 Cast: Apportation       |       |       |       |     1 ||     1
Evoke: Wand              |       |       |       |     1 ||     1
  Use: Potion            |     1 |     1 |       |     3 ||     5
       Scroll            |       |       |    10 |     1 ||    11
 Stab: Sleeping          |     5 |     1 |     3 |       ||     9
       Distracted        |       |       |     1 |     1 ||     2
  Eat: Chunk             |     2 |    10 |    15 |     2 ||    29
       Ration            |       |       |     1 |       ||     1
Armor: Robe              |    21 |       |       |       ||    21
       Ring mail         |       |    79 |    15 |       ||    94
       Scale mail        |       |       |    66 |    34 ||   100
Dodge: Dodged            |    62 |   103 |    94 |    43 ||   302
Block: Shield            |       |    20 |    29 |       ||    49
       Large shield      |       |       |   181 |   124 ||   305

Vault maps used:
D:1:      dpeg_arrival_rhombus, minmay_misc_feat_square
D:2:      vehumet_crystals
D:3:      chequers_temple_overflow_statue_of_worship, lightli_sewer_entry_pipes,
          chequers_ecumenical_altar_simple_redux, grunt_decor_cap, minivault_4
D:4:      cheibrodos_barr_body, dancing_weapons_uskayaw, first_ration,
          st_stairs_9, minmay_misc_feat_chi
D:5:      serial_shops, shop, tgw_trog
D:6:      kennysheep_kobold_camp, minmay_temple_entry_large_hall,
          uniq_blork_the_orc, uniq_grinder
D:7:      grunt_temple_overflow_holy_war, serial_shops, shop,
          uniq_prince_ribbit1
D:9:      minmay_weird_star, grunt_ogre_cave, fedhas_altar_2
D:10:     serial_shops, shop
Sewer:    sewer_co_scattered_pipes
